APP
GREENEVILLE ASTROS @ BOSTON (APP) RED SOX
09/28/2047
 
TOP OF THE 1ST
Greeneville Astros batting - Pitching for Boston (APP) Red Sox : RHP Nate Rizzi
Pitching: RHP Nate Rizzi
Batting: RHB Omar Amaya 0-0: DOUBLE (Flyball, 8LD, EV 91.9 MPH)
Batting: RHB Gabe Allen 0-0: Swinging Strike
0-1: Ball
1-1: Ball
2-1: Swinging Strike
2-2: Ball
3-2: Fly out, F9 (Flyball, 89S, EV 83.1 MPH)
Batting: RHB Masaru Konno 0-0: Ball
1-0: Ball
2-0: Foul Ball, location: 2F
2-1: Ball
3-1: Foul Ball, location: 2F
3-2: Foul Ball, location: 2F
3-2: Base on Balls
Batting: LHB Jackson Trottier 0-0: Called Strike
0-1: Ball
1-1: Fly out, F6 (Popup, 6M, EV 75.0 MPH)
Batting: RHB Hugo Priego 0-0: Ball
1-0: Ball
2-0: Foul Ball, location: 2F
2-1: Fly out, F5 (Line Drive, 56, EV 70.0 MPH)
Top of the 1st over - 0 runs, 1 hit, 0 errors, 2 left on base; Greeneville 0 - Boston (APP) 0
BOTTOM OF THE 1ST
Boston (APP) Red Sox batting - Pitching for Greeneville Astros : LHP Manny Muniz
Pitching: LHP Manny Muniz
Batting: RHB Aukukero Tairi 0-0: Ball
1-0: Hit by Pitch
Batting: RHB Tony Gallegos 0-0: Ball
Wild Pitch!
Aukukero Tairi to second
1-0: Foul Ball, location: 2F
1-1: Foul Ball, location: 2F
1-2: Foul Ball, location: 2F
1-2: Foul Ball, location: 2F
1-2: Strikes out swinging
Batting: RHB Dominique Paolozzi 0-0: Called Strike
0-1: SINGLE (Groundball, 6MD, EV 98.8 MPH)
Aukukero Tairi to third
Runner from 3rd tries for Home, SAFE, throw by CF to home
Batting: RHB Mike Rosa 0-0: Called Strike
0-1: Ball
1-1: Swinging Strike
1-2: Ball
2-2: Hit by Pitch
Dominique Paolozzi to second
Batting: RHB Josh Smith 0-0: Foul Ball, location: 2F
0-1: Ball
1-1: Ball
2-1: Ball
3-1: Base on Balls
Dominique Paolozzi to third
Mike Rosa to second
Batting: RHB Bakhtiar Asadov 0-0: Ball
1-0: Grounds into double play, 6-4-3 (Groundball, 6, EV 88.8 MPH)
Bottom of the 1st over - 1 run, 1 hit, 0 errors, 2 left on base; Greeneville 0 - Boston (APP) 1
TOP OF THE 2ND
Greeneville Astros batting - Pitching for Boston (APP) Red Sox : RHP Nate Rizzi
Batting: LHB Guadalupe Gonzalez 0-0: Foul Ball, location: 2F
0-1: Swinging Strike
0-2: Strikes out swinging
Batting: RHB Leo Lopez 0-0: Ball
1-0: Swinging Strike
1-1: Swinging Strike
1-2: Ball
2-2: Ball
3-2: Strikes out looking
Batting: LHB Ryan Fridley 0-0: Ground out 6-3 (Groundball, 6, EV 96.2 MPH)
Top of the 2nd over - 0 runs, 0 hits, 0 errors, 0 left on base; Greeneville 0 - Boston (APP) 1
BOTTOM OF THE 2ND
Boston (APP) Red Sox batting - Pitching for Greeneville Astros : LHP Manny Muniz
Batting: RHB Roger Mitchell 0-0: Ball
1-0: Ball
2-0: Swinging Strike
2-1: Foul Ball, location: 2F
2-2: SINGLE (Groundball, 13S, EV 73.1 MPH) (infield hit)
Batting: RHB Willie Camacho 0-0: Ball
1-0: Ball
2-0: Called Strike
2-1: Called Strike
2-2: Fly out, F9 (Line Drive, 9LD, EV 94.4 MPH)
Batting: LHB Robert Gonzalez 0-0: Called Strike
0-1: Ball
1-1: Ball
2-1: Swinging Strike
2-2: Grounds into double play, 4-6-3 (Groundball, 4M, EV 98.8 MPH)
Bottom of the 2nd over - 0 runs, 1 hit, 0 errors, 0 left on base; Greeneville 0 - Boston (APP) 1
TOP OF THE 3RD
Greeneville Astros batting - Pitching for Boston (APP) Red Sox : RHP Nate Rizzi
Batting: RHB Nick Hernandes 0-0: Ball
1-0: Called Strike
1-1: Swinging Strike
1-2: SOLO HOME RUN (Flyball, 7LD, EV 93.8 MPH), Distance : 331 ft
Batting: RHB Omar Amaya 0-0: Called Strike
0-1: Foul Ball, location: 2F
0-2: Ground out 5-3 (Groundball, 56S, EV 79.4 MPH)
Batting: RHB Gabe Allen 0-0: Swinging Strike
0-1: Ball
1-1: Foul Ball, location: 2F
1-2: SINGLE (Groundball, 56D, EV 105.0 MPH)
Batting: RHB Masaru Konno 0-0: Ball
Gabe Allen is caught stealing 2nd base 2-4
1-0: Ball
2-0: Ball
3-0: Base on Balls
Batting: LHB Jackson Trottier 0-0: Ball
1-0: Ball
2-0: Called Strike
2-1: Fielders Choice at 2nd, 5-4 (Groundball, 5, EV 106.9 MPH)
Top of the 3rd over - 1 run, 2 hits, 0 errors, 1 left on base; Greeneville 1 - Boston (APP) 1
BOTTOM OF THE 3RD
Boston (APP) Red Sox batting - Pitching for Greeneville Astros : LHP Manny Muniz
Batting: RHB Aukukero Tairi 0-0: Called Strike
0-1: Foul Ball, location: 2F
0-2: Ball
1-2: Fly out, F8 (Flyball, 8LXD, EV 104.4 MPH)
Batting: RHB Tony Gallegos 0-0: Called Strike
0-1: Ball
1-1: Ball
2-1: Ball
3-1: Called Strike
3-2: Strikes out swinging
Batting: RHB Dominique Paolozzi 0-0: Called Strike
0-1: Foul Ball, location: 2F
0-2: Foul Ball, location: 2F
0-2: Ball
1-2: Foul Ball, location: 2F
1-2: Strikes out looking
Bottom of the 3rd over - 0 runs, 0 hits, 0 errors, 0 left on base; Greeneville 1 - Boston (APP) 1
TOP OF THE 4TH
Greeneville Astros batting - Pitching for Boston (APP) Red Sox : RHP Nate Rizzi
Batting: RHB Hugo Priego 0-0: Ball
1-0: Swinging Strike
1-1: Swinging Strike
1-2: Foul Ball, location: 2F
1-2: Ball
2-2: Ball
3-2: Strikes out swinging
Batting: LHB Guadalupe Gonzalez 0-0: Ball
1-0: Ball
2-0: Swinging Strike
2-1: Called Strike
2-2: Ball
3-2: Foul Ball, location: 2F
3-2: Strikes out swinging
Batting: RHB Leo Lopez 0-0: Called Strike
0-1: Ball
1-1: Ball
2-1: Ground out 6-3 (Groundball, 6, EV 87.5 MPH)
Top of the 4th over - 0 runs, 0 hits, 0 errors, 0 left on base; Greeneville 1 - Boston (APP) 1
BOTTOM OF THE 4TH
Boston (APP) Red Sox batting - Pitching for Greeneville Astros : LHP Manny Muniz
Batting: RHB Mike Rosa 0-0: DOUBLE (Groundball, 5L, EV 98.1 MPH)
Batting: RHB Josh Smith 0-0: Called Strike
0-1: Called Strike
0-2: Foul Ball, location: 2F
0-2: Fly out, F8 (Flyball, 8LD, EV 96.2 MPH)
Batting: RHB Bakhtiar Asadov 0-0: Called Strike
0-1: Hit by Pitch
Batting: RHB Roger Mitchell 0-0: Called Strike
0-1: SINGLE (Groundball, 6MD, EV 94.4 MPH)
Mike Rosa to third
Bakhtiar Asadov to second
Runner from 3rd tries for Home, SAFE, throw by CF to home
Bakhtiar Asadov to third
Roger Mitchell to second
Batting: RHB Willie Camacho 0-0: Ball
1-0: Swinging Strike
1-1: Called Strike
1-2: Foul Ball, location: 2F
1-2: Ball
2-2: Ground out 6-3 (Groundball, 6S, EV 85.6 MPH)
Bakhtiar Asadov scores
Roger Mitchell to third
Batting: LHB Robert Gonzalez 0-0: Ball
1-0: Foul Ball, location: 2F
1-1: Swinging Strike
1-2: Foul Ball, location: 2F
1-2: Ball
2-2: Ball
3-2: Base on Balls
Batting: RHB Aukukero Tairi 0-0: Ball
1-0: Called Strike
1-1: Ball
2-1: Ball
3-1: Swinging Strike
3-2: DOUBLE (Line Drive, 8LD, EV 110.0 MPH)
Roger Mitchell scores
Robert Gonzalez to third
Robert Gonzalez scores
Batting: RHB Tony Gallegos 0-0: Ball
1-0: Ball
2-0: Called Strike
2-1: Called Strike
2-2: Ball
3-2: Base on Balls
Batting: RHB Dominique Paolozzi 0-0: Ball
1-0: Called Strike
1-1: Ball
2-1: Ball
3-1: Base on Balls
Aukukero Tairi to third
Tony Gallegos to second
Batting: RHB Mike Rosa 0-0: Ball
1-0: Ball
2-0: Called Strike
2-1: Swinging Strike
2-2: Foul Ball, location: 2F
2-2: Ground out 5-3 (Groundball, 56S, EV 85.6 MPH)
Bottom of the 4th over - 4 runs, 3 hits, 0 errors, 3 left on base; Greeneville 1 - Boston (APP) 5
TOP OF THE 5TH
Greeneville Astros batting - Pitching for Boston (APP) Red Sox : RHP Nate Rizzi
Batting: LHB Ryan Fridley 0-0: Ball
1-0: Ball
2-0: Called Strike
2-1: Ground out U3 (Groundball, 34, EV 91.9 MPH)
Batting: RHB Nick Hernandes 0-0: Swinging Strike
0-1: Foul Ball, location: 2F
0-2: Strikes out swinging
Batting: RHB Omar Amaya 0-0: Called Strike
0-1: Ground out 6-3 (Groundball, 6D, EV 99.4 MPH)
Top of the 5th over - 0 runs, 0 hits, 0 errors, 0 left on base; Greeneville 1 - Boston (APP) 5
BOTTOM OF THE 5TH
Boston (APP) Red Sox batting - Pitching for Greeneville Astros : LHP Manny Muniz
Pitching: LHP Jason Mitchell
Batting: RHB Josh Smith 0-0: Ball
1-0: Ball
2-0: Swinging Strike
2-1: Swinging Strike
2-2: Ball
3-2: Strikes out swinging, 2-3 out at first.
Batting: RHB Bakhtiar Asadov 0-0: Called Strike
0-1: Foul Ball, location: 2F
0-2: Foul Ball, location: 2F
0-2: Strikes out swinging
Batting: RHB Roger Mitchell 0-0: Swinging Strike
0-1: Called Strike
0-2: Foul Ball, location: 2F
0-2: Strikes out swinging
Bottom of the 5th over - 0 runs, 0 hits, 0 errors, 0 left on base; Greeneville 1 - Boston (APP) 5
TOP OF THE 6TH
Greeneville Astros batting - Pitching for Boston (APP) Red Sox : RHP Nate Rizzi
Batting: RHB Gabe Allen 0-0: Called Strike
0-1: Swinging Strike
0-2: Ball
1-2: Strikes out looking
Pitching: RHP Seb Lightfoot
Batting: RHB Masaru Konno 0-0: Foul Ball, location: 2F
0-1: Ball
1-1: Foul Ball, location: 2F
1-2: Foul Ball, location: 2F
1-2: Fly out, F7 (Line Drive, 78M, EV 94.4 MPH)
Batting: LHB Jackson Trottier 0-0: Ball
1-0: Ball
2-0: Called Strike
2-1: Called Strike
2-2: Ground out 4-3 (Groundball, 34D, EV 106.9 MPH)
Top of the 6th over - 0 runs, 0 hits, 0 errors, 0 left on base; Greeneville 1 - Boston (APP) 5
BOTTOM OF THE 6TH
Boston (APP) Red Sox batting - Pitching for Greeneville Astros : LHP Jason Mitchell
Batting: RHB Willie Camacho 0-0: Ball
1-0: Called Strike
1-1: Fly out, F8 (Flyball, 8LS, EV 82.5 MPH)
Batting: LHB Robert Gonzalez 0-0: Ball
1-0: Foul Ball, location: 2F
1-1: Swinging Strike
1-2: Ground out 4-3 (Groundball, 4, EV 103.1 MPH)
Batting: RHB Aukukero Tairi 0-0: Swinging Strike
0-1: Ball
1-1: Ground out 6-3 (Groundball, 6M, EV 102.5 MPH)
Bottom of the 6th over - 0 runs, 0 hits, 0 errors, 0 left on base; Greeneville 1 - Boston (APP) 5
TOP OF THE 7TH
Greeneville Astros batting - Pitching for Boston (APP) Red Sox : RHP Seb Lightfoot
Batting: RHB Hugo Priego 0-0: Ball
1-0: Ball
2-0: Called Strike
2-1: Ball
3-1: DOUBLE (Line Drive, 3D, EV 96.9 MPH)
Batting: LHB Guadalupe Gonzalez 0-0: Called Strike
0-1: 2-RUN HOME RUN (Flyball, 9D, EV 96.9 MPH), Distance : 382 ft
Batting: RHB Leo Lopez 0-0: Ball
1-0: Ground out 6-3 (Groundball, 6, EV 80.0 MPH)
Batting: LHB Ryan Fridley 0-0: Ball
1-0: Foul Ball, location: 2F
1-1: Swinging Strike
1-2: Strikes out looking
Batting: RHB Nick Hernandes 0-0: Called Strike
0-1: Swinging Strike
0-2: Foul Ball, location: 2F
0-2: Strikes out swinging
Top of the 7th over - 2 runs, 2 hits, 0 errors, 0 left on base; Greeneville 3 - Boston (APP) 5
BOTTOM OF THE 7TH
Boston (APP) Red Sox batting - Pitching for Greeneville Astros : LHP Jason Mitchell
Batting: RHB Tony Gallegos 0-0: Foul Ball, location: 2F
0-1: Ground out 6-3 (Groundball, 6M, EV 80.0 MPH)
Batting: RHB Dominique Paolozzi 0-0: Ball
1-0: Foul Ball, location: 2F
1-1: Swinging Strike
1-2: Ground out 5-3 (Groundball, 5, EV 83.8 MPH)
Batting: RHB Mike Rosa 0-0: SOLO HOME RUN (Line Drive, 78XD, EV 102.5 MPH), Distance : 416 ft
Batting: RHB Josh Smith 0-0: Foul Ball, location: 2F
0-1: DOUBLE (Line Drive, 9LM, EV 104.4 MPH)
Batting: RHB Bakhtiar Asadov 0-0: Ball
1-0: Called Strike
1-1: Ball
2-1: Ball
3-1: Base on Balls
Batting: RHB Roger Mitchell 0-0: Called Strike
0-1: Fly out, F9 (Flyball, 9, EV 80.0 MPH)
Bottom of the 7th over - 1 run, 2 hits, 0 errors, 2 left on base; Greeneville 3 - Boston (APP) 6
TOP OF THE 8TH
Greeneville Astros batting - Pitching for Boston (APP) Red Sox : RHP Seb Lightfoot
Batting: RHB Omar Amaya 0-0: Swinging Strike
0-1: SINGLE (Groundball, 34S, EV 63.1 MPH) (infield hit)
Batting: RHB Gabe Allen 0-0: Called Strike
0-1: Ball
1-1: Fly out, F8 (Flyball, 8RM, EV 83.8 MPH)
Batting: RHB Masaru Konno 0-0: Called Strike
0-1: Ball
1-1: Ball
2-1: Ball
3-1: Base on Balls
Omar Amaya to second
Batting: LHB Jackson Trottier 0-0: Called Strike
0-1: Ball
1-1: Foul Ball, location: 2F
1-2: Foul Ball, location: 2F
1-2: Fly out, F7 (Flyball, 78D, EV 100.0 MPH)
Pitching: RHP Mike Goodwin
Batting: RHB Hugo Priego 0-0: Ball
1-0: Swinging Strike
1-1: Foul Ball, location: 2F
1-2: Foul Ball, location: 2F
1-2: Ball
2-2: Foul Ball, location: 2F
2-2: Strikes out swinging
Top of the 8th over - 0 runs, 1 hit, 0 errors, 2 left on base; Greeneville 3 - Boston (APP) 6
BOTTOM OF THE 8TH
Boston (APP) Red Sox batting - Pitching for Greeneville Astros : LHP Jason Mitchell
Batting: RHB Willie Camacho 0-0: Swinging Strike
0-1: Ball
1-1: Ball
2-1: Called Strike
2-2: Strikes out swinging
Batting: LHB Robert Gonzalez 0-0: Called Strike
0-1: Ball
1-1: Foul Ball, location: 2F
1-2: Ball
2-2: Strikes out looking
Batting: RHB Aukukero Tairi 0-0: Called Strike
0-1: Ball
1-1: Called Strike
1-2: Ball
2-2: Ball
3-2: Base on Balls
Batting: RHB Tony Gallegos 0-0: Foul Ball, location: 2F
0-1: Ball
1-1: Ball
2-1: Ball
3-1: Foul Ball, location: 2F
3-2: Strikes out looking
Bottom of the 8th over - 0 runs, 0 hits, 0 errors, 1 left on base; Greeneville 3 - Boston (APP) 6
TOP OF THE 9TH
Greeneville Astros batting - Pitching for Boston (APP) Red Sox : RHP Mike Goodwin
Pitching: RHP Danny Marquez
Batting: LHB Guadalupe Gonzalez 0-0: Called Strike
0-1: Swinging Strike
0-2: Ball
1-2: Foul Ball, location: 2F
1-2: Ball
2-2: Ball
3-2: Ground out 6-3 (Groundball, 6M, EV 82.5 MPH)
Pinch Hitting: RHB Yoshitoshi Mori 0-0: Ball
1-0: Ground out 6-3 (Groundball, 6, EV 77.5 MPH)
Pinch Hitting: RHB Russ Greer 0-0: Swinging Strike
0-1: Ball
1-1: Ball
2-1: Foul Ball, location: 2F
2-2: Ball
3-2: Strikes out swinging
Top of the 9th over - 0 runs, 0 hits, 0 errors, 0 left on base; Greeneville 3 - Boston (APP) 6
Thursday, December 15th , 2022 - OOTP Baseball 23.9 Build 102